 Dungeon Crawl Stone Soup version 0.24-a0-580-g6a6c3f83c1 (webtiles) character file.

Game seed: 10297815359494703308

98 Hylith the Protected (level 4, 0/32 HPs)
             Began as a Gnoll Wanderer on Aug 22, 2019.
             Succumbed to a scorpion's poison
             ... on level 2 of the Dungeon.
             The game lasted 00:04:10 (946 turns).

Hylith the Protected (Gnoll Wanderer)                Turns: 946, Time: 00:04:10

Health: 0/32       AC: 15    Str: 16    XL:     4   Next: 71%
Magic:  11/11      EV:  7    Int: 17    God:
Gold:   31         SH:  0    Dex: 14    Spells: 12/13 levels left

rFire    . . .     SeeInvis .   d - +0 dagger (protect)
rCold    . . .     Gourm    .   (no shield)
rNeg     . . .     Faith    .   o - +0 chain mail
rPois    .         Spirit   .   i - +2 hat
rElec    .         Reflect  .   (no cloak)
rCorr    .         Harm     .   (no gloves)
MR       .....                  g - +1 pair of boots
Stlth    ..........             a - amulet of magic regeneration
HPRegen  0.10/turn              (no ring)
MPRegen  0.37/turn              (no ring)

@: brilliant, lethally poisoned (0 -> -6), slightly contaminated
A: distributed training, fangs 1, dopey 1, strong nose
a: no special abilities


You were on level 2 of the Dungeon.
You were not hungry.

You visited 1 branch of the dungeon, and saw 2 of its levels.

You collected 31 gold pieces.

Inventory:

Hand Weapons
 d - a +0 dagger of protection (weapon)
Missiles
 p - 2 stones (quivered)
Armour
 g - a +1 pair of boots (worn)
 i - a +2 hat (worn)
 o - a +0 chain mail (worn)
Jewellery
 a - an amulet of magic regeneration (around neck)
Wands
 e - a wand of flame (14)
Scrolls
 b - a scroll of amnesia {unknown}
 k - a scroll of blinking {unknown}
 m - a scroll of identify {unknown}
 q - a scroll of enchant weapon {unknown}
Comestibles
 f - 2 rations
 j - a chunk of flesh


   Skills:
 + Level 1.2 Fighting
 + Level 1.2 Short Blades
 + Level 1.2 Long Blades
 + Level 1.2 Axes
 + Level 1.2 Maces & Flails
 + Level 1.2 Polearms
 + Level 1.2 Staves
 + Level 1.2 Slings
 + Level 1.2 Bows
 + Level 2.8 Crossbows
 + Level 1.2 Throwing
 + Level 8.6 Armour
 + Level 1.2 Dodging
 + Level 2.6 Stealth
 + Level 1.2 Shields
 + Level 1.2 Unarmed Combat
 + Level 5.1 Spellcasting
 + Level 2.2 Conjurations
 + Level 1.0 Hexes
 + Level 1.0 Charms
 + Level 1.0 Summonings
 + Level 1.0 Necromancy
 + Level 1.0 Translocations
 + Level 1.0 Transmutations
 + Level 1.0 Fire Magic
 + Level 1.0 Ice Magic
 + Level 1.0 Air Magic
 + Level 1.0 Earth Magic
 + Level 1.0 Poison Magic
 + Level 1.3 Invocations
 + Level 2.8 Evocations


You had 12 spell levels left.
You knew the following spells:

 Your Spells              Type           Power        Failure   Level  Hunger
a - Beastly Appendage     Tmut           ###...       12%         1    None

Your spell library contained the following spells:

 Spells                   Type           Power        Failure   Level  Hunger
 Corpse Rot               Necr           N/A          17%         2    #......
 Sublimation of Blood     Necr           ###.......   17%         2    #......
 Ignite Poison            Fire/Tmut/Pois ###.....     30%         3    ###....


Dungeon Overview and Level Annotations

Branches:
Dungeon (2/15)

Altars:


Innate Abilities, Weirdness & Mutations

Your experience applies equally to all skills.
You have very sharp teeth.
Your uncanny sense of smell can sniff out nearby items.
You are dopey. (Int -2)


Message History

* * * LOW HITPOINT WARNING * * *
You feel sick.
* * * LOW HITPOINT WARNING * * *
You feel sick.
Things that are here:
a +0 dagger; a rat corpse You butcher the rat corpse.
* * * LOW HITPOINT WARNING * * *
You feel sick.
Things that are here:
a +0 dagger; a chunk of flesh; a rat skeleton
* * * LOW HITPOINT WARNING * * *
You feel sick.
* * * LOW HITPOINT WARNING * * *
You feel sick.
You feel less contaminated with magical energies.
* * * LOW HITPOINT WARNING * * *
You feel sick.
Found a short sword.
You die...

. ... .. .... ..$
..... ## .... #...
.#..).. #...#
###/......
##..%.##.@.# #..
#....### .# ##..
##..##
...#...###..#
#..........##
#..#....##..#
...###...###)#
∆#...)...##.#
#.......##........


There were no monsters in sight!

Vanquished Creatures
  A scorpion (D:2)
  An adder (D:2)
  3 dart slugs (D:1)
  2 leopard geckos (D:1)
  2 bats
  2 giant cockroaches
  4 goblins
  3 hobgoblins
  3 jackals (D:1)
  4 kobolds
  A frilled lizard (D:1)
  5 rats
31 creatures vanquished.

Vanquished Creatures (others)
  A hobgoblin (D:1)
1 creature vanquished.

Grand Total: 32 creatures vanquished

Notes
Turn   | Place    | Note
-------+----------+-------------------------------------------
     0 | D:1      | Hylith the Gnoll Wanderer began the quest for the Orb.
     0 | D:1      | Hylith set off with the following items: a +0 club, a +0
                  | robe, a wand of flame (15), a ration; and the following
                  | spell memorised: Beastly Appendage; and the following
                  | spells available to memorise: Corpse Rot, Sublimation of
                  | Blood, Ignite Poison
     0 | D:1      | Reached XP level 1. HP: 13/13 MP: 6/6
   131 | D:1      | Reached XP level 2. HP: 16/19 MP: 7/7
   615 | D:1      | Reached XP level 3. HP: 20/25 MP: 9/9
   618 | D:1      | Reached skill level 5 in Spellcasting
   880 | D:2      | Noticed a scorpion
   885 | D:2      | Reached skill level 1 in Invocations
   889 | D:2      | Gained mutation: You are dopey. (Int -2) [mutagenic glow]
   938 | D:2      | Killed a scorpion
   938 | D:2      | Reached skill level 1 in Fighting
   938 | D:2      | Reached skill level 1 in Short Blades
   938 | D:2      | Reached skill level 1 in Long Blades
   938 | D:2      | Reached skill level 1 in Axes
   938 | D:2      | Reached skill level 1 in Maces & Flails
   938 | D:2      | Reached skill level 1 in Polearms
   938 | D:2      | Reached skill level 1 in Staves
   938 | D:2      | Reached skill level 1 in Slings
   938 | D:2      | Reached skill level 1 in Bows
   938 | D:2      | Reached skill level 1 in Throwing
   938 | D:2      | Reached skill level 1 in Dodging
   938 | D:2      | Reached skill level 1 in Shields
   938 | D:2      | Reached skill level 1 in Unarmed Combat
   938 | D:2      | Reached skill level 1 in Hexes
   938 | D:2      | Reached skill level 1 in Charms
   938 | D:2      | Reached skill level 1 in Summonings
   938 | D:2      | Reached skill level 1 in Necromancy
   938 | D:2      | Reached skill level 1 in Translocations
   938 | D:2      | Reached skill level 1 in Transmutations
   938 | D:2      | Reached skill level 1 in Fire Magic
   938 | D:2      | Reached skill level 1 in Ice Magic
   938 | D:2      | Reached skill level 1 in Air Magic
   938 | D:2      | Reached skill level 1 in Earth Magic
   938 | D:2      | Reached skill level 1 in Poison Magic
   938 | D:2      | Reached XP level 4. HP: 6/32 MP: 11/11
   944 | D:2      | HP: 1/32 [poisoned by a scorpion]
   946 | D:2      | Succumbed to a scorpion's poison

Levels and vault maps discovered:
D:1:      minmay_arrival_wavy_path, layout_basic, hangedman_decor_growths
D:2:      layout_rooms, gammafunk_temple_overflow_claw, first_ration,
          trog_hazing_becter

Skill      XL: |  1  2  3 |
---------------+----------+-----
Conjurations   | 2 |  2.2
Spellcasting   | 5 |  5.1
Invocations    | 1 |  1.3
Fighting       | 1 |  1.2
Short Blades   | 1 |  1.2
Long Blades    | 1 |  1.2
Axes           | 1 |  1.2
Maces & Flails | 1 |  1.2
Polearms       | 1 |  1.2
Staves         | 1 |  1.2
Slings         | 1 |  1.2
Bows           | 1 |  1.2
Throwing       | 1 |  1.2
Dodging        | 1 |  1.2
Shields        | 1 |  1.2
Unarmed Combat | 1 |  1.2
Hexes          | 1 |  1.0
Charms         | 1 |  1.0
Summonings     | 1 |  1.0
Necromancy     | 1 |  1.0
Translocations | 1 |  1.0
Transmutations | 1 |  1.0
Fire Magic     | 1 |  1.0
Ice Magic      | 1 |  1.0
Air Magic      | 1 |  1.0
Earth Magic    | 1 |  1.0
Poison Magic   | 1 |  1.0
Crossbows      | |  2.8
Armour         | |  8.6
Stealth        | |  2.6
Evocations     | |  2.8

Action                   |  1- 3 |  4- 6 || total
-------------------------+-------+-------++-------
Melee: Club              |    15 |       ||    15
       Dagger            |   117 |       ||   117
       Bite              |     4 |       ||     4
Evoke: Wand              |       |     1 ||     1
  Use: Potion            |     2 |       ||     2
Armor: Ring mail         |    25 |       ||    25
       Robe              |     2 |       ||     2
       Chain mail        |    54 |       ||    54
       Skin              |    19 |       ||    19
Dodge: Dodged            |    43 |       ||    43

Table legend:
 A = Non-vault XP
 B = Vault XP
 C = Vault XP percentage of total XP
 D = Non-vault monster count
 E = Vault monster count
 F = Vault count percentage of total count
                 A         B        C        D         E       F
            +---------+---------+-------+---------+---------+-------
      Total |     141 |       0 |   0.0 |      32 |       0 |   0.0
            +---------+---------+-------+---------+---------+-------
        D:1 |      45 |       0 |   0.0 |      22 |       0 |   0.0
        D:2 |      96 |       0 |   0.0 |      10 |       0 |   0.0
            +---------+---------+-------+---------+---------+-------
